 Dungeon Crawl Stone Soup version 0.30-a0-331-g8ab09dc110 (webtiles) character file.

Game seed: 14049853546613719066

38500 Windows96 the Basher (level 13, -2/135 HPs)
             Began as a Troll Berserker on Oct 30, 2022.
             Was a Priest of Trog.
             Slain by a +2 trident of venom (12 damage)
             ... on level 1 of the Elven Halls.
             The game lasted 00:52:34 (14946 turns).

Windows96 the Basher (Troll Berserker)             Turns: 14946, Time: 00:52:35

Health: -2/135     AC: 30    Str: 32    XL:     13   Next: 64%
Magic:  12/12      EV:  5    Int:  3    God:    Trog [***...]
Gold:   948        SH:  0    Dex:  9    Spells: 12/12 levels left

rFire   + . .      SeeInvis +    p - +9 dire flail (drain)
rCold   + . .      Faith    .    (shield currently unavailable)
rNeg    + . .      Spirit   .    a - +9 scales of the Dragon King {rPois rF+ rC+ Will+}
rPois   +          Reflect  .    (helmet restricted)
rElec   .          Harm     .    s - +1 cloak
rCorr   .          Rampage  .    (gloves unavailable)
Will    +++..                    (boots unavailable)
Stlth   ..........               (no amulet)
HPRegen 2.22/turn                k - ring of see invisible
MPRegen 0.13/turn                q - ring of positive energy

@: strong-willed, regenerating
A: large, unfitting armour, claws 3, regeneration 1, shaggy fur 1, tough skin 1
a: Renounce Religion, Berserk, Trog's Hand


You were on level 1 of the Elven Halls.
You worshipped Trog.
Trog was most pleased with you.
You visited 5 branches of the dungeon, and saw 17 of its levels.

You collected 1912 gold pieces.
You spent 964 gold pieces at shops.

Inventory:

Hand Weapons
 p - a +9 dire flail of draining (weapon)
Armour
 a - the +9 scales of the Dragon King (worn) {rPois rF+ rC+ Will+}
   (You acquired it on level 8 of the Dungeon)

   rF:        It protects you from fire.
   rC:        It protects you from cold.
   rPois:     It protects you from poison.
   Will:      It increases your willpower.
 s - a +1 cloak (worn)
Jewellery
 b - an amulet of reflection
 k - a ring of see invisible (left claw)
 q - a ring of positive energy (right claw)
 C - an amulet of regeneration
 K - the amulet of Democracy {Faith rCorr Str+3}
   (You acquired it on level 2 of the Orcish Mines)

   [amulet of faith]

   It allows you to gain divine favour quickly.
   Str:       It affects your strength (+3).
   rCorr:     It protects you from acid and corrosion.
 M - a ring of poison resistance
Wands
 i - a wand of digging (4)
 r - a wand of roots (27)
 t - a wand of flame (58)
 A - a wand of charming (8)
 D - a wand of light (7)
 H - a wand of polymorph (5)
Scrolls
 c - 3 scrolls of immolation
 e - a scroll of silence
 f - 5 scrolls of vulnerability
 g - 4 scrolls of fog
 l - a scroll of poison
 m - 2 scrolls of blinking
 n - a scroll of fear
 y - 2 scrolls of magic mapping {unknown}
 E - 5 scrolls of teleportation
 J - a scroll of enchant weapon
 L - a scroll of brand weapon {unknown}
Potions
 h - a potion of brilliance
 j - a potion of experience {unknown}
 u - 4 potions of curing
 v - 2 potions of degeneration {unknown}
 w - a potion of magic {unknown}
 x - a potion of resistance
 z - a potion of cancellation {unknown}
 B - 2 potions of invisibility
 F - a potion of berserk rage {unknown}
 G - a potion of haste {unknown}
 I - a potion of flight


   Skills:
 + Level 10.5 Fighting
 - Level 14.0 Maces & Flails
 + Level 9.9 Armour
 - Level 5.0 Dodging
 - Level 1.1 Shields
 - Level 6.4 Unarmed Combat


You had 12 spell levels left.
You didn't know any spells.
Your spell library was empty.

Dungeon Overview and Level Annotations

Branches:
Dungeon (12/15)            Temple (1/1) D:7            Lair (1/5) D:11
    Orc (2/2) D:12            Elf (1/3) Orc:2

Altars:
Ashenzari
Cheibriados
Dithmenos
Elyvilon
Fedhas
Gozag
Hepliaklqana
Kikubaaqudgha
Makhleb
Nemelex Xobeh
Okawaru
Qazlal
Ru
Sif Muna
Trog
Uskayaw
Vehumet
Wu Jian
Xom
Yredelemnul
Zin
The Shining One

Shops:
D:2 ?   D:12 (!?::   Orc:1 :   Orc:2 :[?[


Innate Abilities, Weirdness & Mutations

You are too large for most types of armour.
You have claws for hands.
Your natural rate of healing is unusually fast.
You are covered in fur. (AC +1)
You have tough skin. (AC +1)


Message History

You continue taking off your amulet of reflection.
Your +1 short sword of flaming dissolves into shadows!
The +8 flail of protection hits you but does no damage.
You block the +2 trident of venom's attack.
You block the +8 flail of protection's attack.
You continue taking off your amulet of reflection.
The +2 trident of venom hits you from afar.
The +8 flail of protection hits you.
The +2 trident of venom barely misses you.
The deep elf zephyrmancer casts a spell at you.
The bolt of lightning hits you!
* * * LOW HITPOINT WARNING * * *
You hear a shout! x2
You finish taking off your amulet of reflection.
You feel better. The +8 flail of protection hits you!
* * * LOW HITPOINT WARNING * * *
The +2 trident of venom hits you but does no damage.
The +8 flail of protection hits you!
* * * LOW HITPOINT WARNING * * *
The +2 trident of venom hits you but does no damage.
The deep elf zephyrmancer mumbles some strange words.
The deep elf zephyrmancer blinks!
Your skin crawls.
You feel strong-willed.
The +8 flail of protection barely misses you.
The +2 trident of venom hits you from afar!
* * * LOW HITPOINT WARNING * * *
The +8 flail of protection hits you but does no damage.
The deep elf zephyrmancer hits you with a +2 long sword of holy wrath.
* * * LOW HITPOINT WARNING * * *
The +8 flail of protection attacks as you move away!
The +8 flail of protection hits you.
* * * LOW HITPOINT WARNING * * *
The +2 trident of venom barely misses your earth elemental.
The deep elf zephyrmancer mumbles some strange words.
The deep elf zephyrmancer blinks!
You feel much better. The +8 flail of protection hits you!
* * * LOW HITPOINT WARNING * * *
The +2 trident of venom hits you from afar!
You die...

..'#8.>.8# .###.....# ##
##...## # ## ###'### #######
.#
.###.)...###.....########'###
#.#.#...#.#.#####.#..........
..#.#...#)#)...)..'..........
..'.#.8.#)'[).8..e#.)ยง)......
..#.#...#.#)....@((E)).......
#.#.#...#.#.#####.#).).......
.###.....###.....##..........
## ###'### #######...........
#...# ............. #.....#
.............. #8.>.8#
............... #.....#
..###.###...... ##.8.##


You could see a deep elf zephyrmancer, 2 dancing weapons and a friendly earth
elemental (summoned).

Vanquished Creatures
  Snorg (D:11)
  Erolcha (Orc:2)
  A boulder beetle (D:12)
  An ogre mage (Orc:2)
  Erica (D:8)
  4 two-headed ogres
  2 dancing weapons (Elf:1)
  2 orc high priests
  Sonja (D:11)
  Nergalle (Orc:1)
  5 skeletal warriors (D:11)
  Pikel (D:7)
  4 deep elf archers (Elf:1)
  2 orc knights
  5 deep elf zephyrmancers
  3 deep elf pyromancers
  2 cyclopes
  9 orc sorcerers
  An ugly thing (D:12)
  Joseph (D:7)
  Maggie (D:7)
  2 kobold demonologists
  2 unseen horrors
  A rime drake (Lair:1)
  9 trolls
  2 shadows (D:11)
  Sigmund (D:3)
  An air elemental (Elf:1)
  2 wraiths
  14 yaks
  A fire elemental (Elf:1)
  4 steam dragons
  2 vampire mosquitoes (D:12)
  2 wargs
  3 water moccasins
  16 orc warriors
  A sky beast (D:6)
  An ice beast (D:6)
  A black bear (D:7)
  9 ogres
  9 centaurs
  8 kobold brigands
  A phantom (D:5)
  Blork the orc (D:4)
  2 bullfrogs
  A necrophage (D:5)
  4 scorpions
  3 wights (D:10)
  3 killer bees (D:10)
  2 howler monkeys (D:10)
  2 electric eels
  7 orc priests
  5 hounds
  4 jellies
  Crazy Yiuf (D:4)
  5 iguanas
  Ijyb (D:3)
  Natasha (thrice) (D:4)
  30 orc wizards
  Robin (D:4)
  5 gnolls
  8 adders
  3 white imps
  A worm (D:5)
  2 dart slugs
  75 orcs
  9 endoplasms
  2 giant cockroaches
  19 goblins
  12 hobgoblins
  3 jackals (D:2)
  27 kobolds
  A quokka (D:1)
  4 ball pythons
  4 bats
  5 frilled lizards
  6 rats
402 creatures vanquished.

Vanquished Creatures (collateral kills)
  A deep elf archer (Elf:1)
  A deep elf zephyrmancer (Elf:1)
  An air elemental (Elf:1)
  An orc warrior (Elf:1)
  2 orc wizards (Orc:2)
  2 orcs
8 creatures vanquished.

Vanquished Creatures (others)
  3 orc wizards
  A white imp (D:8)
  4 orcs
  A plant (Lair:1)
9 creatures vanquished.

Grand Total: 419 creatures vanquished

Notes
Turn   | Place    | Note
-------+----------+-------------------------------------------
     0 | D:1      | Windows96 the Troll Berserker began the quest for the Orb.
     0 | D:1      | Reached XP level 1. HP: 22/22 MP: 0/0
   201 | D:1      | Reached XP level 2. HP: 29/29 MP: 1/1
   373 | D:2      | Found Bechebua's Magic Scroll Shop.
   575 | D:2      | Reached XP level 3. HP: 33/36 MP: 2/2
   591 | D:2      | Reached ** piety under Trog
   646 | D:2      | Reached XP level 4. HP: 18/45 MP: 3/3
  1139 | D:2      | Bought a scroll of identify for 26 gold pieces
  1139 | D:2      | Bought a scroll of identify for 26 gold pieces
  1139 | D:2      | Bought a scroll of identify for 26 gold pieces
  1139 | D:2      | Bought a scroll of identify for 26 gold pieces
  1618 | D:3      | Noticed Ijyb
  1637 | D:3      | Killed Ijyb
  1727 | D:3      | Reached XP level 5. HP: 49/53 MP: 4/4
  1790 | D:3      | Found a faded altar of an unknown god.
  1834 | D:3      | Noticed Sigmund
  1845 | D:3      | Killed Sigmund
  1846 | D:3      | Reached skill level 5 in Unarmed Combat
  1846 | D:3      | Reached XP level 6. HP: 47/61 MP: 5/5
  2260 | D:4      | Noticed Blork the orc
  2275 | D:4      | Killed Blork the orc
  2276 | D:4      | Identified the +1 chain mail of Compassion {rPois Dex+3
                  | SInv}
  2375 | D:4      | Noticed Natasha
  2380 | D:4      | Killed Natasha
  2526 | D:4      | Reached skill level 1 in Maces & Flails
  2826 | D:4      | Found a runed translucent door.
  2827 | D:4      | Noticed Crazy Yiuf
  2832 | D:4      | Killed Crazy Yiuf
  2920 | D:4      | Noticed Natasha
  2929 | D:4      | Killed Natasha
  3035 | D:4      | Noticed Robin
  3044 | D:4      | Reached XP level 7. HP: 67/67 MP: 6/6
  3059 | D:4      | Killed Robin
  3136 | D:4      | Noticed Natasha
  3149 | D:4      | Killed Natasha
  3150 | D:4      | Reached skill level 2 in Maces & Flails
  3222 | D:5      | Entered Level 5 of the Dungeon
  3936 | D:5      | Reached skill level 3 in Maces & Flails
  4503 | D:5      | Reached skill level 4 in Maces & Flails
  4739 | D:5      | Reached XP level 8. HP: 78/78 MP: 7/7
  4743 | D:5      | Reached skill level 5 in Maces & Flails
  5226 | D:6      | Reached skill level 6 in Maces & Flails
  5233 | D:6      | Found a shadowy altar of Dithmenos.
  5493 | D:6      | Reached skill level 7 in Maces & Flails
  5744 | D:6      | Found a radiant altar of Vehumet.
  5802 | D:6      | Reached XP level 9. HP: 55/85 MP: 8/8
  5910 | D:7      | Reached skill level 8 in Maces & Flails
  6005 | D:7      | Found a blossoming altar of Fedhas.
  6305 | D:7      | Noticed Joseph
  6373 | D:7      | Killed Joseph
  6374 | D:7      | Reached skill level 9 in Maces & Flails
  6471 | D:7      | Noticed Maggie
  6488 | D:7      | Killed Maggie
  6489 | D:7      | Reached skill level 1 in Shields
  6550 | D:7      | Reached skill level 5 in Fighting
  6563 | D:7      | Found a staircase to the Ecumenical Temple.
  6798 | Temple   | Entered the Ecumenical Temple
  7150 | D:7      | Reached skill level 10 in Maces & Flails
  7164 | D:8      | Noticed Pikel
  7272 | D:7      | Killed Pikel
  7273 | D:7      | Reached XP level 10. HP: 96/96 MP: 9/9
  7567 | D:8      | Identified a scroll of acquirement
  7568 | D:8      | Acquired the +9 scales of the Dragon King {rPois rF+ rC+
                  | Will+}
  7568 | D:8      | Found the +9 scales of the Dragon King {rPois rF+ rC+
                  | Will+}
  7720 | D:8      | Reached *** piety under Trog
  7721 | D:8      | Reached skill level 11 in Maces & Flails
  7826 | D:8      | Noticed Erica
  7836 | D:8      | Killed Erica
  7837 | D:8      | Reached skill level 1 in Armour
  7837 | D:8      | Reached skill level 5 in Dodging
  8587 | D:9      | Reached XP level 11. HP: 105/105 MP: 10/10
  9077 | D:10     | Entered Level 10 of the Dungeon
  9114 | D:10     | Reached skill level 12 in Maces & Flails
  9274 | D:10     | Reached **** piety under Trog
 10288 | D:11     | Noticed a skeletal warrior
 10318 | D:11     | Killed a skeletal warrior
 10452 | D:11     | Reached skill level 5 in Armour
 10715 | D:11     | Found a glowing golden altar of the Shining One.
 10754 | D:11     | Noticed a two-headed ogre
 10808 | D:10     | Killed a two-headed ogre
 10828 | D:11     | Found a staircase to the Lair.
 10880 | D:11     | Noticed Snorg
 10906 | D:11     | Killed Snorg
 10946 | D:11     | Noticed a two-headed ogre
 10952 | D:11     | Killed a two-headed ogre
 11155 | D:11     | Noticed Sonja
 11155 | D:11     | Noticed a skeletal warrior
 11217 | D:11     | Killed a skeletal warrior
 11254 | D:11     | Noticed a skeletal warrior
 11269 | D:11     | Killed a skeletal warrior
 11271 | D:11     | Noticed a skeletal warrior
 11279 | D:11     | Killed a skeletal warrior
 11280 | D:11     | Reached XP level 12. HP: 105/118 MP: 11/11
 11293 | D:11     | Reached skill level 13 in Maces & Flails
 11362 | D:11     | Killed Sonja
 11567 | Lair:1   | Entered Level 1 of the Lair of Beasts
 11805 | D:12     | Found a staircase to the Orcish Mines.
 11893 | D:12     | Found Kulouth's Distillery.
 11914 | D:12     | Found Lidumuxi's Antique Weapon Shop.
 12060 | D:12     | Found Qennifel's Magic Scroll Boutique.
 12068 | D:12     | Bought a scroll of identify for 28 gold pieces
 12193 | D:12     | Noticed a boulder beetle
 12226 | D:12     | Killed a boulder beetle
 12266 | D:12     | Found Ziuhiuf's Book Boutique.
 12422 | D:12     | Found Goocwa's Book Boutique.
 12586 | Orc:1    | Entered Level 1 of the Orcish Mines
 12627 | Orc:1    | You fall into a shaft and drop 1 floor!
 12627 | Orc:2    | Entered Level 2 of the Orcish Mines
 12627 | Orc:2    | Found a staircase to the Elven Halls.
 12643 | Orc:1    | Noticed a two-headed ogre
 12649 | Orc:1    | Noticed Nergalle
 12650 | Orc:1    | Killed a two-headed ogre
 12680 | Orc:1    | Killed Nergalle
 12719 | Orc:1    | Found Ihueqani's Book Emporium.
 13155 | Orc:2    | Noticed a two-headed ogre
 13160 | Orc:2    | Killed a two-headed ogre
 13161 | Orc:2    | Reached skill level 14 in Maces & Flails
 13240 | Orc:2    | Noticed an orc high priest
 13258 | Orc:2    | Killed an orc high priest
 13744 | Orc:2    | Noticed an ogre mage
 13782 | Orc:2    | Killed an ogre mage
 13783 | Orc:2    | Reached XP level 13. HP: 118/130 MP: 12/12
 13818 | Orc:2    | Paralysed by an orc sorcerer for 5 turns
 13966 | Orc:2    | Found Xafo's Book Emporium.
 13983 | Orc:2    | Noticed Erolcha
 13984 | Orc:2    | Found a radiant altar of Vehumet.
 13990 | Orc:2    | Killed Erolcha
 13992 | Orc:2    | Found Fomupt's Antique Armour Shoppe.
 14004 | Orc:2    | Found an ancient bone altar of Kikubaaqudgha.
 14068 | Orc:2    | Found Bijuidoe's Magic Scroll Shoppe.
 14074 | Orc:2    | Found Soemoma's Antique Armour Emporium.
 14077 | Orc:2    | Bought a scroll of acquirement for 832 gold pieces
 14077 | Orc:2    | Acquired the amulet of Democracy {Faith rCorr Str+3}
 14453 | Elf:1    | Entered Level 1 of the Elven Halls
 14672 | Elf:1    | Paralysed by an air elemental for 1 turns
 14677 | Elf:1    | Paralysed by an air elemental for 1 turns
 14722 | Elf:1    | Reached skill level 10 in Fighting
 14906 | Elf:1    | Paralysed by an air elemental for 1 turns
 14945 | Elf:1    | HP: 2/135 [+8 flail of protection (5)]
 14946 | Elf:1    | Slain by a +2 trident of venom

Illustrated notes

Levels and vault maps discovered:
D:1:      dpeg_arrival_fog, layout_rooms
D:2:      layout_basic, serial_shops, nicolae_shop_waterfront
D:3:      layout_basic, chequers_ecumenical_altar_lobes, uniq_sigmund, uniq_ijyb
D:4:      layout_basic, uniq_natasha, uniq_blork_the_orc, uniq_robin,
          uniq_crazy_yiuf_cottage
D:5:      minmay_polygon_palace, layout_loops_ring
D:6:      layout_basic, grunt_dithmenos_smoke, vehumet_altar_wand_db,
          grunt_ministairs_11
D:7:      layout_basic, old_standard_altar, minmay_temple_entry_mini_moons,
          enter_bailey_5, minmay_manual_mares, uniq_maggie, uniq_joseph
D:8:      layout_cave_pools, minivault_4, uniq_pikel, uniq_erica
D:9:      layout_long_grid, nicolae_wwwww
D:10:     layout_layer_cave, fungi_pond_lemuel
D:11:     layout_cave_pods, lair_entry_dummy, tso_metal_star, uniq_snorg,
          uniq_sonja
D:12:     layout_loops_ring, erik_orc_3, serial_shops, nicolae_shop_statue_plus,
          shop, nicolae_shop_hallway_stairs, shop, nicolae_shop_hallway_stairs
Temple:   compressed_dpeg_triangle_lava_temple
Lair:1:   layout_cave_pods, infiniplex_staircase_pool, uniq_amaemon
Orc:1:    layout_diamond_mine, serial_shops, nicolae_square_shop, uniq_nergalle,
          uniq_harold
Orc:2:    kennysheep_orc_mage_school, layout_caves
Elf:1:    eino_elf_arrival_sip, layout_gridlike, minmay_elf_annihilation,
          grunt_megastairs_1, minmay_shoptagon

Skill      XL: |  1  2  3  4  5  6  7  8  9 10 11 12 13 |
---------------+----------------------------------------+-----
Fighting       | 3 4 5 6 7 9 10 | 10.5
Unarmed Combat | 4 5 6 |  6.4
Dodging        | 3 4 5 |  5.0
Maces & Flails | 1 4 7 10 11 12 14 | 14.0
Shields        | 1 |  1.1
Armour         | 2 6 8 9 |  9.9

Action                   |  1- 3 |  4- 6 |  7- 9 | 10-12 | 13-15 || total
-------------------------+-------+-------+-------+-------+-------++-------
Melee: Unarmed           |    73 |    77 |       |       |       ||   150
       Punch             |     1 |       |       |       |       ||     1
       Dire flail        |       |    27 |   222 |   715 |   109 ||  1073
Invok: Berserk           |     1 |     8 |     8 |     7 |     2 ||    26
       Trog's Hand       |     1 |     5 |    10 |    13 |     3 ||    32
       Brothers in Arms  |       |       |       |     1 |       ||     1
  Use: Scroll            |       |     5 |     7 |     9 |     2 ||    23
       Potion            |       |       |       |     5 |     2 ||     7
 Stab: Sleeping          |       |     1 |       |       |       ||     1
       Invisible         |       |       |       |     3 |       ||     3
Armor: Animal skin       |    27 |    27 |    36 |       |       ||    90
       Steam dragon scal |       |       |    46 |    17 |       ||    63
       Gold dragon scale |       |       |       |   569 |    91 ||   660
Dodge: Dodged            |    32 |    43 |   168 |   183 |    27 ||   453
Block: Other             |       |       |     9 |       |    13 ||    22
       Reflection        |       |       |       |       |     2 ||     2

Table legend: (Time is in decaauts)
 A = Elapsed time spent in this place.
 B = Non-inter-level travel time spent in this place.
 C = Inter-level travel time spent in this place.
 D = Time resting spent in this place.
 E = Time spent auto-exploring this place.
 F = Levels seen in this place.
 G = Mean time per level.
                   A        B        C        D        E       F      G
               +--------+--------+--------+--------+--------+-----+--------+
         Total |  14968 |  14475 |    493 |   2519 |   7771 |  17 |  880.5 |
       Dungeon |  12222 |  11834 |    388 |   2202 |   6557 |  12 | 1018.5 |
        Temple |    317 |    317 |      0 |      0 |    296 |   1 |  317.0 |
          Lair |    135 |    135 |      0 |      0 |      0 |   1 |  135.0 |
  Orcish Mines |   1881 |   1777 |    104 |    307 |    845 |   2 |  940.5 |
   Elven Halls |    410 |    410 |      0 |      9 |     72 |   1 |  410.0 |
               +--------+--------+--------+--------+--------+-----+--------+

Top non-repeatable levels by time:
     D:5: 1984 daAuts
   Orc:2: 1329 daAuts
    D:11: 1272 daAuts
     D:7: 1263 daAuts
     D:2: 1077 daAuts
     D:4: 1074 daAuts
    D:10: 1069 daAuts
     D:9: 953 daAuts
     D:3: 829 daAuts
    D:12: 812 daAuts
     D:8: 792 daAuts
     D:6: 730 daAuts
   Orc:1: 551 daAuts
   Elf:1: 410 daAuts
     D:1: 362 daAuts
